Map: Daybreak LE (Void)

Players

CommadoreXav

  • Race: Protoss Protoss
  • League: Gold
  • Spawn Location: 7:00

FunkyMonk - Winner!

  • Race: Terran Terran
  • League: Platinum
  • Spawn Location: 1:00

VOD

Have the link to the VOD?

Description

Lost this match - post score summary shows I was ahead in resources and army value here, but clearly chose some bad fights...

Can anyone give a hand and point out the errors?

Time

  • Played on: Jan. 11, 2017, 12:53 p.m.
  • Length: 12:51
Show
View Real Time Build Order
Export as new Build Order

CommadoreXav Protoss 

Build Orders: Blink Stalkers 

Get SALT Encoding   

  12  0:01  Probe (Chrono Boost)  
  13  0:11  Probe (Chrono Boost)  
  14  0:23  Pylon  
  14  0:29  Probe (Chrono Boost)  
  15  0:41  Gateway  
  15  0:46  Assimilator, Probe (Chrono Boost)  
  16  0:56  Probe (Chrono Boost)  
  17  1:08  Probe (Chrono Boost)  
  18  1:16  Pylon  
  19  1:18  Probe (Chrono Boost)  
  19  1:29  Probe (Chrono Boost)  
  19  1:30  Cybernetics Core  
  19  1:31  Gateway  
  20  1:39  Probe (Chrono Boost)  
  21  1:50  Probe (Chrono Boost)  
  21  1:51  Assimilator  
  22  2:00  Probe (Chrono Boost)  
  23  2:03  Warp Gate  
  23  2:11  Nexus  
  24  2:16  Probe (Chrono Boost)  
  24  2:29  Adept  
  26  2:31  Adept  
  26  2:36  Probe (Chrono Boost)  
  29  2:44  Pylon  
  29  2:48  Probe (Chrono Boost)  
  30  3:02  Stalker  
  34  3:06  Mothership Core (Chrono Boost)  
  34  3:07  Stalker  
  36  3:24  Probe (Chrono Boost)  
  36  3:25  Probe (Chrono Boost)  
  38  3:32  Twilight Council  
  39  3:56  Probe x2 (Chrono Boost)  
  39  3:59  Blink  
  40  4:04  Pylon  
  40  4:06  Probe (Chrono Boost)  
  40  4:08  Probe (Chrono Boost)  
  42  4:11  Gateway  
  42  4:16  Gateway  
  42  4:18  Pylon  
  42  4:22  Stalker  
  44  4:25  Stalker  
  44  4:31  Probe (Chrono Boost)  
  48  4:32  Probe (Chrono Boost)  
  48  4:43  Probe (Chrono Boost)  
  48  4:44  Probe (Chrono Boost)  
  50  4:47  Robotics Facility  
  50  4:49  Stalker  
  50  4:52  Stalker  
  54  5:00  Probe (Chrono Boost)  
  54  5:02  Probe (Chrono Boost)  
  54  5:26  Stalker x2  
  54  5:28  Probe (Chrono Boost)  
  60  5:29  Probe (Chrono Boost)  
  60  5:31  Immortal  
  60  5:36  Gateway  
  60  5:37  Gateway  
  60  5:40  Probe (Chrono Boost)  
  60  5:41  Probe (Chrono Boost)  
  66  5:43  Stalker  
  66  5:46  Stalker  
  70  6:04  Pylon  
  70  6:05  Assimilator  
  70  6:06  Assimilator  
  70  6:08  Pylon  
  70  6:17  Warp Prism  
  70  6:24  Probe x2 (Chrono Boost)  
  74  6:30  Pylon  
  74  6:33  Pylon  
  74  6:36  Probe x2 (Chrono Boost)  
  74  6:38  Pylon  
  76  6:42  Stalker x5  
  82  7:07  Immortal  
  84  7:21  Probe x2 (Chrono Boost)  
  86  7:28  Forge  
  86  7:33  Probe x2 (Chrono Boost)  
  88  7:37  Sentry x3  
  88  7:38  Stalker x3  
  88  7:42  Nexus  
  88  7:43  Pylon  
  100  7:48  Probe (Chrono Boost)  
  100  7:49  Probe (Chrono Boost)  
  102  8:07  Stalker x4  
  110  8:13  Zealot x2  
  110  8:29  Probe x2 (Chrono Boost)  
  88  8:52  Immortal  
  88  8:53  Stalker  
  88  8:54  Stalker x5  
  100  9:00  Protoss Ground Armor Level 1  
  106  9:10  Probe (Chrono Boost)  
  106  9:11  Probe x2 (Chrono Boost)  
  107  9:21  Probe (Chrono Boost)  
  108  9:25  Templar Archives  
  108  9:32  Observer  
  108  9:34  Robotics Facility  
  109  9:45  Forge  
  109  9:48  Photon Cannon  
  109  9:50  Photon Cannon  
  111  9:53  Probe (Chrono Boost)  
  111  9:54  Probe x2 (Chrono Boost)  
  111  9:55  Pylon  
  111  9:58  Assimilator  
  112  10:00  Assimilator  
  112  10:06  Stalker x4  
  115  10:23  Stalker x2  
  121  10:36  Probe (Chrono Boost)  
  121  10:37  Probe x2 (Chrono Boost), Psionic Storm  
  122  10:49  Gateway x2  
  122  10:51  Immortal x2, Gateway  
  130  10:57  Stalker x3  
  130  10:58  Stalker x2  
  140  11:06  Charge  
  140  11:31  Pylon  
  130  11:33  Pylon  
  130  11:34  Pylon  
  93  11:57  Stalker x5  
  93  11:58  Stalker  
  80  12:23  High Templar x3  
  80  12:24  Stalker  
  65  12:39  Stalker  
  65  12:42  High Templar  
Show
View Real Time Build Order
Export as new Build Order

FunkyMonk Terran - Winner!

Build Orders: MMM Bio 

Get SALT Encoding   

  12  0:01  SCV  
  13  0:13  SCV  
  14  0:18  Supply Depot  
  14  0:25  SCV  
  15  0:40  SCV  
  15  0:42  Barracks  
  16  0:47  Refinery  
  16  0:52  SCV  
  17  1:04  SCV  
  18  1:16  Supply Depot, SCV  
  19  1:20  Barracks  
  19  1:28  SCV  
  20  1:33  Refinery  
  20  1:42  Barracks Tech Lab  
  20  1:49  Orbital Command  
  20  2:02  Stimpack  
  20  2:05  Marine  
  21  2:13  Barracks Reactor  
  21  2:15  SCV  
  22  2:27  SCV  
  23  2:39  SCV  
  24  2:51  Command Center  
  24  2:55  Marine  
  24  2:58  Marine  
  26  3:02  SCV  
  27  3:09  Marauder  
  29  3:14  SCV  
  30  3:21  Supply Depot  
  30  3:30  Engineering Bay  
  30  3:40  Factory  
  30  3:43  Marine  
  30  3:47  Marine  
  32  3:58  Missile Turret  
  32  4:02  Terran Infantry Weapons Level 1  
  32  4:12  Marine x2  
  36  4:17  Marauder  
  36  4:23  SCV x2  
  38  4:28  Factory Tech Lab  
  38  4:35  SCV  
  39  4:43  SCV, Missile Turret  
  40  4:46  Marine x2  
  40  4:51  Marauder  
  44  4:59  Siege Tank  
  47  5:04  SCV  
  47  5:05  SCV  
  47  5:14  Starport  
  47  5:16  SCV  
  47  5:29  Orbital Command  
  47  5:31  Marine x2  
  47  5:33  Marauder  
  51  5:44  Supply Depot  
  51  5:48  SCV  
  52  5:56  SCV  
  53  6:01  SCV  
  53  6:03  Starport Reactor  
  54  6:06  Barracks  
  54  6:10  Barracks  
  54  6:14  Siege Tank  
  54  6:16  Marine x2  
  54  6:18  Marauder  
  61  6:29  Supply Depot  
  61  6:46  SCV  
  62  6:52  Supply Depot, Medivac  
  62  6:53  Medivac  
  66  6:56  Barracks Reactor  
  66  6:58  Barracks Tech Lab  
  63  7:08  Marine  
  63  7:09  Marine  
  63  7:12  SCV x2  
  63  7:14  Supply Depot  
  67  7:17  Marauder  
  69  7:23  Medivac  
  69  7:24  SCV x2, Medivac  
  75  7:31  Combat Shields  
  75  7:33  Terran Infantry Armor Level 1  
  75  7:37  Armory  
  75  7:38  SCV  
  75  7:39  SCV  
  77  7:46  Marine x2, Barracks  
  77  7:47  Marine x2  
  77  7:50  Marauder  
  83  7:52  SCV  
  83  7:53  SCV  
  85  8:02  Supply Depot  
  85  8:03  Supply Depot  
  85  8:04  Marine  
  83  8:48  Command Center  
  73  8:51  Marine x2  
  73  8:52  Marine x2  
  73  8:53  Marauder  
  73  8:54  Marauder  
  81  8:57  Medivac  
  81  8:58  Medivac  
  85  9:03  Barracks Reactor  
  85  9:09  Marine x2  
  87  9:10  Siege Tank, Marine x2  
  87  9:15  Marauder  
  94  9:29  Refinery  
  94  9:30  SCV x2  
  96  9:32  Refinery, Marine x4  
  96  9:34  Marauder  
  102  9:58  Supply Depot  
  102  9:59  Marine x2, Medivac x2  
  111  10:00  Marauder x2, Marine x4  
  111  10:02  Orbital Command  
  111  10:04  Supply Depot  
  114  10:25  Marauder x2  
  114  10:26  Marine x5  
  114  10:27  Marine  
  123  10:30  Siege Tank  
  123  10:31  Orbital Command  
  126  10:45  SCV x2  
  126  10:47  Marine x2  
  126  10:48  Marine x3  
  133  10:56  Supply Depot  
  133  10:58  Supply Depot  
  133  11:18  Marauder, Marine x6  
  141  11:20  Marauder  
  135  11:35  Marine  
  135  11:36  Marine x4  
  135  11:37  Marine  
  139  11:40  Marauder  
  139  11:41  Marauder  
  140  11:52  SCV x2  
  140  11:53  Marine x3  
  134  12:07  Marauder x2, Marine x3  
  141  12:10  Medivac x2  
  141  12:11  Marine x2  
Tags
 
Add a new tag
Caveats
  • Supply blocks, unpowered buildings, or Contaminate may cause inaccurate times.
  • Supply counts are checked every 10 seconds.